 Dungeon Crawl Stone Soup version 0.24.1-8-ga250c9d538 (webtiles) character file.

Game seed: 3925497382164678517, levelgen mode: deterministic

12046 Curus the Severer (level 11, 0/94 HPs)
             Began as a Minotaur Fighter on May 7, 2020.
             Was an Elder of Trog.
             Slain by a 15-headed hydra (9 damage)
             ... on level 2 of the Lair of Beasts.
             The game lasted 00:38:38 (8023 turns).

Curus the Severer (Minotaur Fighter)                Turns: 8023, Time: 00:38:38

Health: 0/94       AC: 14    Str: 20    XL:     11   Next: 57%
Magic:  0/8        EV:  6    Int:  8    God:    Trog [****..]
Gold:   286        SH:  4    Dex: 11    Spells: 10/10 levels left

rFire    . . .     SeeInvis .   A - +2 battleaxe (vamp)
rCold    . . .     Gourm    .   (shield currently unavailable)
rNeg     . . .     Faith    .   E - +0 plate armour
rPois    .         Spirit   +   (helmet restricted)
rElec    .         Reflect  +   H - scarf {Spirit}
rCorr    +         Harm     .   (no gloves)
MR       .....                  (no boots)
Stlth    ..........             o - +4 amulet of reflection
HPRegen  0.25/turn              e - ring of resist corrosion
MPRegen  0.11/turn              (no ring)

@: lethally poisoned (0 -> -1), marked
A: retaliatory headbutt, horns 2, talons 1, low mp 1, shaggy fur 1
a: Berserk, Trog's Hand, Brothers in Arms, Renounce Religion


You were on level 2 of the Lair of Beasts.
You worshipped Trog.
Trog was greatly pleased with you.
You were hungry.

You visited 2 branches of the dungeon, and saw 10 of its levels.
You also visited: Sewer and Ossuary.

You collected 636 gold pieces.
You spent 350 gold pieces at shops.

Inventory:

Hand Weapons
 a - a +2 war axe
 A - a +2 vampiric battleaxe (weapon)
Armour
 b - a +0 scale mail
 c - a +0 shield
 h - a +1 cloak
 i - a +1 chain mail
 E - a +0 plate armour (worn)
 H - a scarf of spirit shield (worn)
Jewellery
 e - a ring of resist corrosion (left hand)
 o - a +4 amulet of reflection (around neck)
 p - an uncursed amulet of the acrobat
 y - an uncursed amulet of the gourmand
 z - a -5 ring of intelligence
Wands
 k - a wand of flame (10)
 m - a wand of polymorph (17)
 u - a wand of disintegration (12)
 D - a wand of digging (9)
 F - a wand of random effects (11)
Scrolls
 d - 5 scrolls of amnesia
 j - 3 scrolls of fear
 n - 6 scrolls of remove curse
 r - 7 scrolls of identify
 s - 3 scrolls of magic mapping
 t - 10 scrolls of teleportation
 C - 3 scrolls of fog
 G - a scroll of enchant armour
 I - a scroll of blinking
Potions
 g - 3 potions of agility
 l - 5 potions of brilliance
 q - 4 potions of heal wounds
 v - 10 potions of curing
 w - a potion of degeneration
 x - 2 potions of haste
 B - 2 potions of flight
Comestibles
 f - 19 rations


   Skills:
 + Level 8.1 Fighting
 - Level 18.2 Axes
 + Level 8.1 Armour
 - Level 3.6 Shields


You had 10 spell levels left.
You didn't know any spells.
Your spell library was empty.

Dungeon Overview and Level Annotations

Branches:
Dungeon (8/15)             Temple (0/1) D:6            Lair (2/6) D:8
  Sewer (visited)         Ossuary (visited)
  Swamp: Lair:2-4    Shoals: Lair:2-4     Snake: Lair:2-4    Spider: Lair:2-4

Altars:
Cheibriados
Fedhas
Nemelex Xobeh
Qazlal
Ru
Trog
Vehumet
Xom
Yredelemnul
Zin
The Shining One

Shops:
D:5 !   D:8 ?


Innate Abilities, Weirdness & Mutations

You reflexively headbutt those who attack you in melee.
You have a pair of horns on your head.
You have sharp toenails.
Your magical capacity is low. (-10% MP)
You are covered in fur. (AC +1)


Message History

* * * LOW HITPOINT WARNING * * *
The 14-headed hydra bites you!
* * * LOW HITPOINT WARNING * * *
The 14-headed hydra bites you.
* * * LOW HITPOINT WARNING * * *
The 14-headed hydra bites you but does no damage. x3
The 14-headed hydra bites you!
* * * LOW HITPOINT WARNING * * *
The 14-headed hydra bites you but does no damage.
You completely miss the blink frog. Your headbutt misses the blink frog.
The blink frog is lightly wounded.
You hack one of the 14-headed hydra's heads off!
The 13-headed hydra grows two more!
You hit the 15-headed hydra.
You feel better.
You hit the water moccasin but do no damage.
You feel sick.
The blink frog hits you but does no damage.
The water moccasin bites you but does no damage.
You block the 15-headed hydra's attack. The 15-headed hydra bites you!
You die...

..>............. .....##....##
................# ....##..#...#
...............F+.⌠..#....#...##
...............F.^.#......#....#
................##.............#
........F....F.............#...##
......†.....F...............#...#
...........S#..#F# ........#.<.#
.............###@## ≈≈≈≈≈≈≈.#...#
.>.........F..##DS#.≈≈≈#≈≈≈.##..#
...............SS...≈####≈≈.#####
........##.......##.≈≈≈≈≈≈≈.#
........##....#### .........##
........P#....## ...........#
...............####.........##
#P##.###....................P# ##
### #.......≈≈.:.........#####


You could see a 15-headed hydra, 3 blink frogs and 3 water moccasins.

Vanquished Creatures
  A hydra (Lair:1)
  Harold (D:7)
  Joseph (D:7)
  5 elephants (Lair:2)
  3 spiny frogs (Lair:1)
  A komodo dragon (Lair:1)
  2 hippogriffs (D:7)
  Sigmund (D:2)
  Eustachio (D:4)
  9 yaks
  2 basilisks (Lair:1)
  2 hungry ghosts
  A steam dragon (Lair:2)
  2 porcupines
  3 water moccasins
  A hornet zombie (D:6)
  4 sky beasts
  2 ice beasts
  2 orc warriors (D:8)
  A phantom (D:4)
  4 centaurs
  4 ogres
  2 crocodiles
  An elf zombie (Ossuary)
  10 bullfrogs
  A wyvern skeleton (D:8)
  4 scorpions
  3 killer bees (D:7)
  3 howler monkeys
  3 electric eels (D:8)
  4 crimson imps
  2 bullfrog zombies (D:6)
  A quasit (D:7)
  2 human zombies (Ossuary)
  2 orc priests
  A hound (D:6)
  A centaur skeleton (D:7)
  A centaur zombie (D:5)
  A gnoll shaman (D:5)
  4 jellies
  3 iguanas
  Terence (D:2)
  An orc wizard (D:8)
  3 worker ants
  2 hound zombies
  5 mummies
  11 gnolls
  9 adders
  A shadow imp (D:8)
  3 oozes
  An adder skeleton (D:7)
  3 adder zombies
  3 worms
  2 dart slugs
  3 leopard geckos
  26 orcs
  12 giant cockroaches
  6 goblins
  8 hobgoblins
  11 jackals
  6 quokkas
  6 ball pythons
  6 bats
  15 frilled lizards
  3 goblin zombies
  A hobgoblin zombie (D:5)
  A jackal skeleton (D:4)
  A jackal zombie (Ossuary)
  4 kobolds
  A kobold skeleton (D:5)
  5 kobold zombies
  A leopard gecko skeleton (D:7)
  An orc skeleton (D:5)
  2 orc zombies
  8 rats
  2 rat zombies (Ossuary)
  3 plants
279 creatures vanquished.

Vanquished Creatures (collateral kills)
  A black bear (Lair:1)
1 creature vanquished.

Vanquished Creatures (others)
  A centaur (D:5)
  An orc wizard (D:8)
  2 fungi
  5 plants
9 creatures vanquished.

Grand Total: 289 creatures vanquished

Notes
Turn   | Place    | Note
-------+----------+-------------------------------------------
     0 | D:1      | Curus the Minotaur Fighter began the quest for the Orb.
     0 | D:1      | Reached XP level 1. HP: 19/19 MP: 0/0
    52 | D:1      | Reached skill level 3 in Axes
    83 | D:1      | Reached XP level 2. HP: 19/26 MP: 1/1
   172 | D:1      | Reached skill level 4 in Axes
   320 | D:1      | Reached XP level 3. HP: 31/31 MP: 2/2
   654 | D:2      | Found a radiant altar of Vehumet.
   696 | D:2      | Noticed Terence
   706 | D:2      | Killed Terence
   706 | D:2      | Reached skill level 5 in Axes
   706 | D:2      | Reached XP level 4. HP: 34/39 MP: 3/3
  1537 | D:2      | Noticed Sigmund
  1544 | D:2      | Killed Sigmund
  1544 | D:2      | Reached skill level 7 in Axes
  1544 | D:2      | Reached XP level 5. HP: 41/45 MP: 4/4
  1715 | D:3      | Reached XP level 6. HP: 51/51 MP: 5/5
  1763 | D:3      | Found a stormy altar of Qazlal.
  1877 | D:3      | Found a faded altar of an unknown god.
  2162 | D:3      | Found a sacrificial altar of Ru.
  2237 | D:3      | Found a bloodstained altar of Trog.
  2245 | D:3      | Became a worshipper of Trog the Wrathful
  2300 | D:4      | Reached skill level 8 in Axes
  2315 | D:4      | Gained mutation: You are covered in fur. (AC +1) [potion of
                  | mutation]
  2315 | D:4      | Gained mutation: Your magical capacity is low. (-10% MP)
                  | [potion of mutation]
  2315 | D:4      | Gained mutation: You have sharp toenails. [potion of
                  | mutation]
  2353 | D:4      | Noticed a sky beast
  2453 | D:4      | Killed a sky beast
  2453 | D:4      | Reached skill level 9 in Axes
  2475 | D:4      | Reached XP level 7. HP: 44/57 MP: 5/5
  2509 | D:4      | Noticed Eustachio
  2543 | D:4      | Killed Eustachio
  2561 | D:4      | Reached skill level 10 in Axes
  2719 | D:4      | Found a sparkling altar of Nemelex Xobeh.
  2790 | D:5      | Entered Level 5 of the Dungeon
  2901 | D:5      | Found a glowing golden altar of the Shining One.
  3002 | D:5      | Reached skill level 11 in Axes
  3080 | D:5      | Reached XP level 8. HP: 64/64 MP: 6/6
  3099 | D:5      | Reached * piety under Trog
  3107 | D:5      | Found a glowing drain.
  3117 | Sewer    | Entered a sewer
  3534 | D:5      | Reached ** piety under Trog
  3591 | D:5      | Reached skill level 12 in Axes
  3747 | D:5      | Found Zoyneic's Distillery.
  3755 | D:5      | Bought a potion of curing for 33 gold pieces
  3755 | D:5      | Bought a potion of degeneration for 11 gold pieces
  3755 | D:5      | Bought a potion of haste for 110 gold pieces
  3755 | D:5      | Bought a potion of curing for 33 gold pieces
  3755 | D:5      | Bought a potion of heal wounds for 55 gold pieces
  3843 | D:6      | Reached skill level 13 in Axes
  3961 | D:6      | Reached XP level 9. HP: 70/70 MP: 7/7
  4126 | D:6      | Found a blossoming altar of Fedhas.
  4191 | D:6      | Found a staircase to the Ecumenical Temple.
  4228 | D:6      | Reached skill level 14 in Axes
  4541 | D:7      | Reached *** piety under Trog
  4795 | D:7      | Found a sand-covered staircase.
  4804 | Ossuary  | Entered an ossuary
  4981 | D:7      | Reached skill level 15 in Axes
  4990 | D:7      | Noticed Harold
  5007 | D:7      | Killed Harold
  5037 | D:7      | Reached **** piety under Trog
  5059 | D:7      | Reached skill level 16 in Axes
  5075 | D:7      | Reached XP level 10. HP: 58/77 MP: 8/8
  5085 | D:7      | Found a blossoming altar of Fedhas.
  5085 | D:7      | Found a basalt altar of Yredelemnul.
  5540 | D:7      | Noticed Joseph
  5550 | D:7      | Killed Joseph
  5550 | D:7      | Reached skill level 17 in Axes
  6332 | D:8      | Found Imiprah's Magic Scroll Emporium.
  6340 | D:8      | Found a glowing silver altar of Zin.
  6353 | D:8      | Noticed an angel
  6413 | D:8      | Bought a scroll of teleportation for 36 gold pieces
  6413 | D:8      | Bought a scroll of teleportation for 36 gold pieces
  6413 | D:8      | Bought a scroll of teleportation for 36 gold pieces
  6417 | D:8      | Found a snail-covered altar of Cheibriados.
  6425 | D:8      | Found a shimmering altar of Xom.
  6856 | D:8      | Reached skill level 18 in Axes
  6972 | D:8      | Found a staircase to the Lair.
  6985 | Lair:1   | Entered Level 1 of the Lair of Beasts
  7105 | Lair:1   | Noticed a spiny frog
  7105 | Lair:1   | Noticed a four-headed hydra
  7120 | Lair:1   | Killed a nine-headed hydra
  7123 | Lair:1   | Reached XP level 11. HP: 25/85 MP: 8/8
  7128 | Lair:1   | Reached skill level 5 in Fighting
  7128 | Lair:1   | Reached skill level 5 in Armour
  7996 | Lair:2   | Noticed a seven-headed hydra
  8023 | Lair:2   | Slain by a 15-headed hydra

Levels and vault maps discovered:
D:1:      lightli_arrival_noodles, layout_basic, minmay_3d_cube
D:2:      layout_loops_corners, fiery_altar_vehumet, uniq_terence, uniq_sigmund
D:3:      layout_loops_cross, lightli_temple_of_fire,
          nicolae_ru_the_path_less_chosen, chequers_ecumenical_altar_twisty,
          nicolae_qazlal_general_emergency
D:4:      layout_rooms, nemelex_xobeh_ov_fountains_minmay,
          mrwooster_statue_mirror, minmay_misc_feat_room, uniq_eustachio
D:5:      layout_gridville, nicolae_tso_besieged_by_evil, first_ration,
          serial_shops, shop, portal_sewer_entry_b
D:6:      layout_loops_ring, minmay_temple_entry_mini_moons, fedhas_altar_2
D:7:      layout_basic, gammafunk_temple_overflow_elements,
          nicolae_ossuary_entry_giza, uniq_joseph, uniq_harold
D:8:      layout_basic, grunt_temple_overflow_order_and_chaos_1,
          lemuel_crystal_altar, grunt_lair_entry_orc_guard_hut, serial_shops,
          kennysheep_little_box, kennysheep_dice
Lair:1:   layout_regular_city, grunt_megastairs_3, infiniplex_staircase_pool,
          lemuel_fruit_fields
Lair:2:   layout_gridlike, lemuel_fruit_fields, grunt_megastairs_4

Skill      XL: |  1  2  3  4  5  6  7  8  9 10 11 |
---------------+----------------------------------+-----
Axes           | 3 4 5 7 9 11 13 16 18 | 18.2
Fighting       | 4 8 |  8.1
Armour         | 4 8 |  8.1
Shields        | |  3.6

Action                   |  1- 3 |  4- 6 |  7- 9 | 10-12 || total
-------------------------+-------+-------+-------+-------++-------
Melee: War axe           |    69 |   138 |   328 |       ||   535
       Headbutt          |     5 |    20 |    51 |    41 ||   117
       Kick              |       |     8 |    91 |    82 ||   181
       Battleaxe         |       |       |    13 |   282 ||   295
Invok: Berserk           |       |       |       |     2 ||     2
Evoke: Wand              |       |       |       |     4 ||     4
  Use: Scroll            |     6 |     2 |     9 |     5 ||    22
       Potion            |     1 |     5 |     1 |     2 ||     9
  Eat: Chunk             |       |     5 |     9 |     9 ||    23
       Ration            |       |       |       |     4 ||     4
Armor: Scale mail        |    24 |       |       |       ||    24
       Chain mail        |       |    57 |   138 |    74 ||   269
       Plate armour      |       |       |       |    93 ||    93
Dodge: Dodged            |    16 |    24 |    54 |    71 ||   165
Block: Shield            |    35 |    49 |   193 |       ||   277
       Reflection        |       |       |    10 |     2 ||    12
       Other             |       |       |     1 |    33 ||    34
